 Dungeon Crawl Stone Soup version 0.17-a0-18-gc25b939 (webtiles) character file.

9142 Chiseanne the Unseen (level 11, 0/87 HPs)
             Began as a Spriggan Monk on Mar 10, 2015.
             Was an Initiate of Gozag.
             Slain by a cyclops (17 damage)
             ... on level 11 of the Dungeon.
             The game lasted 00:56:55 (15878 turns).

Chiseanne the Unseen (Spriggan Monk)               Turns: 15878, Time: 00:56:55

Health: 0/87       AC: 25    Str: 10    XL:     11   Next: 19%
Magic:  20/20      EV:  4    Int: 11    God:    Gozag
Gold:   171        SH: 10    Dex: 20    Spells: 0 memorised, 10 levels left

rFire  . . .     SeeInvis +     a - +9 club {** Badass ugly stick **}
rCold  + . .     Clarity  .     B - melded +1 robe
rNeg   + + +     SustAb   .     x - +2 buckler
rPois  +         Gourm    .     (helmet currently unavailable)
rElec  .         Spirit   .     o - melded +0 cloak
rCorr  +         Warding  .     (gloves unavailable)
rMut   .         NoTele   +     (boots unavailable)
MR     ++...                    e - amulet of resist corrosion
Stlth  +++++++++.               P - ring of protection from cold
                                I - ring of protection from magic

@: tree-form, very resistant to hostile enchantments, incredibly stealthy
A: unfitting armour, (slimy green scales 0), see invisible, herbivore 3, (speed
0), slow metabolism 2
a: Potion Petition, Call Merchant, Bribe Branch, Renounce Religion


You were on level 11 of the Dungeon.
You worshipped Gozag.
Gozag was noncommittal.
You were very full.
You were a tree.
You visited 2 branches of the dungeon, and saw 12 of its levels.

You collected 1051 gold pieces.
You spent 880 gold pieces at shops.

Inventory:

Hand weapons
 a - a +9 club (weapon) {** Badass ugly stick **}
 d - a +1 short sword of electrocution
 f - a +1 hand axe of flaming
 s - a +2 hammer of venom
Missiles
 j - 14 arrows of dispersal
 l - 95 poisoned needles
 t - 58 bolts
 D - 8 silver bolts
 J - 179 arrows
 Q - 14 arrows of frost
 V - 8 curare-tipped needles
 Z - 2 tomahawks (quivered)
Armour
 o - a +0 cloak (melded)
 x - a +2 buckler (worn)
 B - a +1 robe (melded)
Jewellery
 e - an amulet of resist corrosion (around neck)
 g - an uncursed amulet of resist mutation
 v - an uncursed amulet of stasis
 I - a ring of protection from magic (left branch)
 P - a ring of protection from cold (right branch)
 R - the ring of the Magpie {+/*Tele Int+2}
   (You found it on level 9 of the Dungeon)

   [ring of teleportation]

   It causes random teleportation, and can be evoked to teleport at will.
   It affects your intelligence (+2).
Magical devices
 W - a wand of cold (0)
Scrolls
 c - a scroll of summoning
 i - 7 scrolls of magic mapping
 k - 9 scrolls of teleportation
 m - a scroll of blinking
 p - a scroll of immolation
 y - 4 scrolls of remove curse
 C - 4 scrolls of fog
 G - 2 scrolls of fear
 M - a scroll of recharging
 T - 2 scrolls of amnesia
 U - a scroll of enchant armour
 Y - a scroll of random uselessness {unknown}
Potions
 h - 2 potions of ambrosia
 n - 2 potions of brilliance
 q - 2 potions of agility
 r - 7 potions of curing
 u - a potion of invisibility
 w - 2 potions of heal wounds
 z - 2 potions of flight
 A - 2 potions of might
 F - a potion of haste
 K - a potion of magic
 L - 3 potions of cancellation
 N - a potion of mutation
 S - 3 potions of restore abilities
Comestibles
 b - 9 bread rations
 O - 16 fruits


   Skills:
 * Level 7.5 Fighting
 - Level 10.7 Dodging
 * Level 16.0 Stealth
 * Level 6.3 Shields
 - Level 3.2 Unarmed Combat


You had 10 spell levels left.
You didn't know any spells.

Dungeon Overview and Level Annotations

Branches:
Dungeon (11/15)            Temple (1/1) D:4            Lair (0/8) D:8
    Orc (0/4) D:11

Altars:
Ashenzari
Cheibriados
Dithmenos
Elyvilon
Fedhas
Gozag
Kikubaaqudgha
Makhleb
Nemelex Xobeh
Okawaru
Qazlal
Ru
Sif Muna
Trog
Vehumet
Xom
Yredelemnul
Zin
The Shining One

Shops:
D:4 ?   D:7 ?   D:8 (=**

Annotations:
D:11 BluebellGnoll's ghost, powerful DDHu


Innate Abilities, Weirdness & Mutations

You are tiny and cannot use many weapons and most armour.
You have supernaturally acute eyesight.
You are a herbivore.
((You cover ground extremely quickly.))
You need consume almost no food.
((You are partially covered in slimy green scales (AC +2).))


Message History

The cyclops is moderately wounded.
The cyclops hits you!!
You hit the cyclops.
The cyclops is heavily wounded.
You block the cyclops' attack.
You hit the cyclops.
The cyclops is heavily wounded.
The cyclops hits you!!
* * * LOW HITPOINT WARNING * * *
You hit the cyclops.
The cyclops is heavily wounded.
You block the cyclops' attack.
Drink which item? (? for menu, Esc to quit)
You turn into a tree.
Your +0 cloak melds into your body.
Your +1 robe melds into your body.
Your roots penetrate the ground.
You barely miss the cyclops.
The cyclops is heavily wounded.
The cyclops hits you!
You die...
Your body crumbles into a pile of gold.

########################
........................
........................#
................♣C......#
.....!..................#
##############'#########
......... ...?. .........
........ .........
.........
...................
%.....## ####### #......#


You could see a cyclops.

Vanquished Creatures
  2 unseen horrors (D:9)
  3 hill giants
  A two-headed ogre (D:10)
  7 yaks
  A hippogriff (D:9)
  A hungry ghost (D:10)
  The ghost of Chiseanne the Charlatan, an average DsAr of Cheibriados (D:4)
  A soldier ant (D:9)
  A warg (D:11)
  2 water moccasins
  An ice beast (D:10)
  A centaur (D:5)
  4 orc warriors
  3 phantoms
  2 big kobolds
  6 ogres
  2 crocodiles (D:9)
  13 giant frogs
  6 scorpions
  9 wights
  3 jellies
  4 crimson imps
  2 centaur zombies
  5 orc priests
  Crazy Yiuf (D:3)
  7 hounds
  8 orc wizards
  A centaur skeleton (D:8)
  8 worker ants
  Natasha (D:3)
  2 giant frog skeletons
  Ijyb (D:3)
  A hound zombie (D:8)
  A hound skeleton (D:8)
  Robin (D:3)
  8 adders
  8 gnolls
  4 shadow imps
  3 worms
  2 adder skeletons
  An adder zombie (D:5)
  An ooze (D:2)
  25 orcs
  2 ball pythons
  19 bats
  2 bat skeletons
  A bat zombie (D:7)
  7 giant cockroaches
  19 hobgoblins
  18 kobolds
  4 quokkas
  8 giant geckos
  A giant gecko skeleton (D:5)
  6 giant newts
  18 goblins
  13 jackals
  A jackal zombie (D:7)
  A quokka skeleton (D:8)
  19 rats
  A plant (D:8)
305 creatures vanquished.

Vanquished Creatures (others)
  An orc (D:3)
  A kobold (D:10)
  A quokka (D:3)
  A rat (D:3)
  8 fungi (D:8)
12 creatures vanquished.

Grand Total: 317 creatures vanquished

Notes
Turn   | Place    | Note
--------------------------------------------------------------
     0 | D:1      | Chiseanne, the Spriggan Monk, began the quest for the Orb.
     0 | D:1      | Reached XP level 1. HP: 11/11 MP: 2/2
   261 | D:1      | Reached XP level 2. HP: 16/16 MP: 4/4
   295 | D:1      | Reached skill level 5 in Dodging
   575 | D:1      | Reached XP level 3. HP: 14/19 MP: 6/6
  1211 | D:2      | Reached skill level 6 in Dodging
  1677 | D:2      | Found a bloodstained altar of Trog.
  2523 | D:2      | Reached XP level 4. HP: 14/23 MP: 8/8
  2983 | D:3      | Noticed Robin
  3244 | D:3      | Killed Robin
  3246 | D:3      | Reached skill level 7 in Dodging
  3524 | D:3      | Noticed Ijyb
  3781 | D:2      | Reached XP level 5. HP: 4/27 MP: 10/10
  4099 | D:3      | Killed Ijyb
  4099 | D:3      | Reached skill level 5 in Stealth
  4180 | D:3      | Found a white marble altar of Elyvilon.
  4271 | D:3      | Noticed Crazy Yiuf
  4282 | D:3      | Killed Crazy Yiuf
  4282 | D:3      | Reached skill level 8 in Dodging
  4338 | D:3      | Found a stormy altar of Qazlal.
  4428 | D:3      | Noticed Natasha
  4436 | D:3      | Killed Natasha
  4436 | D:3      | Reached XP level 6. HP: 15/32 MP: 12/12
  4659 | D:3      | Found a sparkling altar of Nemelex Xobeh.
  4776 | D:4      | Found a sacrificial altar of Ru.
  4777 | D:4      | Noticed Chiseanne's ghost (average DsAr)
  4933 | D:4      | Found a shadowy altar of Dithmenos.
  4936 | D:4      | Found a glowing golden altar of the Shining One.
  4942 | D:4      | Reached skill level 9 in Dodging
  4952 | D:4      | Found a shimmering altar of Xom.
  4953 | D:4      | Found a radiant altar of Vehumet.
  5595 | D:4      | Found a staircase to the Ecumenical Temple.
  5821 | D:4      | Found Ocaunlup's Magic Scroll Shoppe.
  5833 | D:4      | Bought a scroll of identify for 28 gold pieces
  5833 | D:4      | Bought a scroll of identify for 28 gold pieces
  5833 | D:4      | Bought a scroll of identify for 28 gold pieces
  5833 | D:4      | Bought a scroll of enchant weapon for 105 gold pieces
  5896 | D:4      | Gained mutation: You are partially covered in slimy green scales (AC +2). [potion of beneficial mutation]
  5955 | Temple   | Entered the Ecumenical Temple
  6065 | D:5      | Entered Level 5 of the Dungeon
  6214 | D:5      | Found a burning altar of Makhleb.
  6254 | D:5      | Noticed a cacodemon
  6261 | D:5      | Reached skill level 10 in Dodging
  6261 | D:5      | Reached XP level 7. HP: 16/36 MP: 14/14
  7189 | D:6      | Reached skill level 1 in Shields
  7196 | D:6      | Reached XP level 8. HP: 27/40 MP: 16/16
  7460 | D:6      | Found an iron altar of Okawaru.
  7622 | D:6      | Reached skill level 10 in Stealth
  8401 | D:6      | Reached skill level 11 in Stealth
  8675 | D:7      | Reached XP level 9. HP: 46/46 MP: 18/18
  8822 | D:7      | Found Qacveid's Magic Scroll Shop.
  8832 | D:7      | Bought a scroll of recharging for 152 gold pieces
  8832 | D:7      | Bought a scroll of teleportation for 48 gold pieces
  8832 | D:7      | Bought a scroll of magic mapping for 56 gold pieces
  8939 | D:7      | Found a shattered altar of Ashenzari.
  9132 | D:8      | Found Cluegoer's Antique Weapon Boutique.
  9206 | D:8      | Found Zoli's Assorted Antiques.
  9217 | D:8      | Found Onaala's Distillery.
  9448 | D:8      | Found a staircase to the Lair.
  9681 | D:8      | Reached skill level 12 in Stealth
  9697 | D:8      | Reached skill level 5 in Fighting
 10056 | D:8      | Reached skill level 13 in Stealth
 10385 | D:8      | Found Cowk's General Store.
 10388 | D:8      | Bought a potion of curing for 36 gold pieces
 10428 | D:8      | Found a glowing golden altar of the Shining One.
 10654 | D:8      | Found Xyuc's Jewellery Boutique.
 11040 | D:9      | Noticed a hill giant
 11040 | D:9      | Noticed an unseen horror
 11041 | D:9      | Noticed an unseen horror
 11041 | D:9      | Noticed a cyan ugly thing
 11076 | D:9      | Killed an unseen horror
 11076 | D:9      | Reached XP level 10. HP: 35/53 MP: 19/19
 11078 | D:9      | Reached skill level 14 in Stealth
 11101 | D:10     | Entered Level 10 of the Dungeon
 11430 | D:9      | Killed an unseen horror
 11430 | D:9      | Reached skill level 5 in Shields
 11621 | D:9      | Noticed a hill giant
 11719 | D:9      | Killed a hill giant
 12034 | D:9      | Found an opulent altar of Gozag.
 12060 | D:9      | Found a deep blue altar of Sif Muna.
 12076 | D:9      | Became a worshipper of Gozag Ym Sagoz the Greedy
 12118 | D:9      | Killed a hill giant
 12125 | D:9      | Got a crude glass ring
 12127 | D:9      | Identified the ring of the Magpie {+/*Tele Int+2} (You found it on level 9 of the Dungeon)
 12162 | D:9      | Reached skill level 15 in Stealth
 12248 | D:9      | Found an iron altar of Okawaru.
 13264 | D:10     | Noticed a hill giant
 13873 | D:10     | Killed a hill giant
 13873 | D:10     | Reached XP level 11. HP: 30/58 MP: 20/20
 14602 | D:4      | Killed Chiseanne's ghost
 14643 | D:4      | Bought a scroll of blinking for 105 gold pieces
 14643 | D:4      | Bought a scroll of magic mapping for 49 gold pieces
 14643 | D:4      | Bought a scroll of teleportation for 42 gold pieces
 14643 | D:4      | Bought a scroll of teleportation for 42 gold pieces
 14643 | D:4      | Bought a scroll of enchant armour for 105 gold pieces
 14643 | D:4      | Bought a scroll of fog for 28 gold pieces
 14643 | D:4      | Bought a scroll of fog for 28 gold pieces
 15414 | D:11     | Noticed BluebellGnoll's ghost (powerful DDHu)
 15433 | D:11     | Found a staircase to the Orcish Mines.
 15457 | D:11     | Reached skill level 16 in Stealth
 15878 | D:11     | Slain by a cyclops

Action                   |  1- 3 |  4- 6 |  7- 9 | 10-12 || total
-------------------------+-------+-------+-------+-------++-------
Melee: Unarmed           |   183 |    94 |       |       ||   277
       Club              |       |   169 |   428 |   127 ||   724
       Hammer            |       |       |     8 |     7 ||    15
       Short sword       |       |       |    64 |   262 ||   326
Evoke: Wand              |       |     4 |     6 |     1 ||    11
  Use: Scroll            |     2 |    17 |     8 |    11 ||    38
       Potion            |     1 |     4 |     1 |     2 ||     8
 Stab: Sleeping          |     7 |     8 |    22 |     7 ||    44
       Distracted        |     1 |     1 |     1 |     7 ||    10
       Paralysed         |       |       |     1 |       ||     1
  Eat: Fruit             |       |     1 |       |     8 ||     9
       Pizza             |       |     1 |       |     2 ||     3
       Bread ration      |       |     1 |       |       ||     1
       Royal jelly       |       |       |     1 |       ||     1
